 Dungeon Crawl Stone Soup version 0.20-a0-910-gb611367 (webtiles) character file.

83 galech the Covered (level 4, -1/40 HPs)
             Began as a Minotaur Fighter on Mar 23, 2017.
             Slain by an orc warrior
             ... wielding a +0 halberd
              (6 damage)
             ... on level 6 of the Dungeon.
             The game lasted 00:03:58 (1403 turns).

galech the Covered (Minotaur Fighter)               Turns: 1403, Time: 00:03:59

Health: -1/40      AC:  8    Str: 21    XL:     4   Next: 22%
Magic:  3/3        EV:  8    Int:  5    God:
Gold:   142        SH:  9    Dex: 10    Spells: 3/3 levels left

rFire    . . .     SeeInvis .   a - +0 flail
rCold    . . .     Gourm    .   b - +0 scale mail
rNeg     . . .     Faith    .   c - +0 shield
rPois    .         Spirit   .   (helmet restricted)
rElec    .         Reflect  .   t - +0 cloak
rCorr    .         Harm     .   (no gloves)
MR       .....                  (no boots)
Stlth    ..........             v - amulet of magic regeneration
Regen    0.2/turn               (no ring)
MPRegen  0.2/turn               (no ring)

@: no status effects
A: retaliatory headbutt, horns 2
a: no special abilities


You were on level 6 of the Dungeon.
You were not hungry.

You visited 1 branch of the dungeon, and saw 4 of its levels.

You collected 142 gold pieces.

Inventory:

Hand Weapons
 a - a +0 flail (weapon)
Armour
 b - a +0 scale mail (worn)
 c - a +0 shield (worn)
 t - a +0 cloak (worn)
Jewellery
 v - an amulet of magic regeneration (around neck)
Wands
 s - a wand of flame (15/48)
Scrolls
 h - a scroll of magic mapping {unknown}
 i - a scroll of enchant armour {unknown}
 j - 2 scrolls of recharging {unknown}
 l - a scroll of amnesia
 m - 3 scrolls of blinking {unknown}
 n - a scroll of immolation
 p - a scroll of fear
 r - a scroll of enchant weapon
Potions
 d - 2 potions of might
 e - a potion of brilliance {unknown}
 g - a potion of curing {unknown}
 o - a potion of degeneration {unknown}
 q - a potion of flight {unknown}
Comestibles
 f - a bread ration
 k - 3 royal jellies
 u - 6 chunks of flesh


   Skills:
 + Level 4.2 Fighting
 + Level 3.2 Maces & Flails
 + Level 4.6 Armour
 + Level 1.0 Dodging
 + Level 4.2 Shields


You had 3 spell levels left.
You didn't know any spells.

Dungeon Overview and Level Annotations

Branches:
Dungeon (3/15)

Altars:
Gozag
Zin


Innate Abilities, Weirdness & Mutations

You reflexively headbutt those who attack you in melee.
You have a pair of horns on your head.


Message History

You block the orc's attack. x2
Your shield prevents you from hitting the orc warrior.
You headbutt the orc warrior.
The orc warrior is heavily wounded.
You block the orc warrior's attack. You block the orc's attack.
You closely miss the orc warrior.
The orc warrior is heavily wounded.
You block the orc warrior's attack. The orc closely misses you. x2
You furiously retaliate!
You headbutt the orc. The orc closely misses you. You furiously retaliate!
You headbutt the orc. You barely miss the orc warrior.
The orc warrior is heavily wounded.
The orc warrior hits you with a halberd.
* * * LOW HITPOINT WARNING * * *
You block the orc's attack. x2; The orc barely misses you.
You furiously retaliate!
You headbutt the orc!
You kill the orc!
You block the orc's attack.
The orc warrior hits you with a halberd.
You die...

######.#.##..>###
..
...)#....##...## .
#......#......
##..#......#....
#..........#.#...
#..#..............
#.......#..##.....
...##..#....#
.......#@o.##
#####..oo).....#
#...[....?.#
#..<......##
..........$..
#..........###
#...........#
............#


You could see an orc warrior and 2 orcs.

Vanquished Creatures
  2 adders
  An ooze (D:1)
  A worm (D:2)
  4 dart slugs
  2 leopard geckos
  3 orcs
  5 goblins
  6 hobgoblins
  A quokka (D:2)
  10 bats
  2 frilled lizards
  5 kobolds
  5 rats
47 creatures vanquished.

Notes
Turn   | Place    | Note
-------+----------+-------------------------------------------
     0 | D:1      | galech the Minotaur Fighter began the quest for the Orb.
     0 | D:1      | Reached XP level 1. HP: 19/19 MP: 0/0
    54 | D:1      | Reached XP level 2. HP: 23/27 MP: 1/1
   512 | D:2      | Reached XP level 3. HP: 33/33 MP: 2/2
   643 | D:2      | Found an opulent altar of Gozag.
  1122 | D:3      | Found a glowing silver altar of Zin.
  1303 | D:3      | Reached XP level 4. HP: 40/40 MP: 3/3
  1337 | D:3      | Reached skill level 1 in Dodging
  1372 | D:3      | You fall through a shaft for 3 floors!
  1393 | D:6      | Noticed an orc warrior
  1403 | D:6      | Slain by an orc warrior

Vault maps used:
D:1:      minmay_arrival_checkered_box
D:2:      nicolae_gozag_cash_rules_everything_around_me
D:3:      zin_scriptorium, uniq_terence
D:6:      lemuel_round_altar, dancing_weapons_uskayaw, nicolae_ru_awakened_eye,
          enter_ossuary_4, serial_bayou_pond_e, uniq_blork_the_orc,
          uniq_eustachio

Skill      XL: |  1  2  3  4 |
---------------+-------------+-----
Shields        | 4 |  4.2
Armour         | 4 |  4.6
Fighting       | 4 |  4.2
Maces & Flails | 3 |  3.2
Dodging        | 1 |  1.0

Action                   |  1- 3 |  4- 6 || total
-------------------------+-------+-------++-------
Melee: Flail             |   115 |    25 ||   140
       Headbutt          |    12 |     2 ||    14
  Use: Scroll            |     4 |       ||     4
  Eat: Chunk             |     1 |     1 ||     2
Armor: Scale mail        |    66 |     9 ||    75
Dodge: Dodged            |    30 |    14 ||    44
Block: Shield            |    80 |    18 ||    98
